 Dungeon Crawl Stone Soup version 0.24.1-5-g77f818bfca (webtiles) character file.

Game seed: 469137473361792286, levelgen mode: deterministic

82 Peloso the Covered (level 4, -3/36 HPs)
             Began as a Demonspawn Fighter on Apr 25, 2020.
             Killed from afar by an orc wizard (4 damage)
             ... with a magic dart
             ... on level 3 of the Dungeon.
             The game lasted 00:02:29 (1851 turns).

Peloso the Covered (Demonspawn Fighter)             Turns: 1851, Time: 00:02:29

Health: -3/36      AC:  7    Str: 17    XL:     4   Next: 21%
Magic:  4/4        EV:  7    Int: 10    God:
Gold:   119        SH:  9    Dex: 12    Spells: 3/3 levels left

rFire    . . .     SeeInvis .   a - +0 long sword
rCold    . . .     Gourm    .   c - +0 shield
rNeg     . . .     Faith    .   b - +0 scale mail
rPois    .         Spirit   .   (no helmet)
rElec    .         Reflect  .   (no cloak)
rCorr    .         Harm     .   (no gloves)
MR       .....                  (no boots)
Stlth    ++........             (no amulet)
HPRegen  0.12/turn              (no ring)
MPRegen  0.09/turn              (no ring)

@: no status effects
A: rugged brown scales 1, nightstalker 2
a: no special abilities


You were on level 3 of the Dungeon.
You were not hungry.

You visited 1 branch of the dungeon, and saw 3 of its levels.

You collected 119 gold pieces.

Inventory:

Hand Weapons
 a - a +0 long sword (weapon)
Armour
 b - a +0 scale mail (worn)
 c - a +0 shield (worn)
Scrolls
 e - 2 scrolls of noise {unknown}
 g - 2 scrolls of blinking {unknown}
 h - a scroll of remove curse {unknown}
 i - a scroll of enchant weapon {unknown}
Potions
 d - a potion of might
Comestibles
 f - 6 rations


   Skills:
 + Level 3.3 Fighting
 + Level 2.4 Long Blades
 + Level 3.4 Armour
 + Level 0.2 Dodging
 + Level 0.5 Stealth
 + Level 3.2 Shields


You had 3 spell levels left.
You didn't know any spells.
Your spell library was empty.

Dungeon Overview and Level Annotations

Branches:
Dungeon (3/15)

Altars:
Ashenzari
Cheibriados
Wu Jian


Innate Abilities, Weirdness & Mutations

You are partially covered in rugged brown scales. (AC +1, +3% HP)
You are significantly more attuned to the shadows.


Message History

Terence is almost dead.
Terence hits you with a +0 falchion.
You barely miss Terence.
Terence is almost dead.
Terence hits you but does no damage. Terence barely misses you.
You hit Terence.
You kill Terence!
You have reached level 4!
You feel clever.
Your demonic ancestry asserts itself...
Rugged brown scales grow over part of your body.
The orc wizard hits you but does no damage. x2
You barely miss the orc wizard.
The orc wizard points at you and mumbles some strange words.
The puff of frost hits you!
* * * LOW HITPOINT WARNING * * *
You block the orc wizard's attack.
You barely miss the orc wizard. The orc wizard casts a spell at you.
The magic dart hits you.
You die... g

o. ... ###g#####
#[#ooo@.#
###.###.###
..........#
#..#.##.#.# #..#
#.#.# ###..#
#.#.# ....# #.#.#
######.#.#.##.#.#
.....#<#.#.##.#


You could see an orc wizard, 2 orcs and a goblin.

Vanquished Creatures
  Terence (D:3)
  An adder (D:2)
  3 worms
  A dart slug (D:2)
  3 leopard geckos (D:1)
  6 bats
  A giant cockroach (D:1)
  4 hobgoblins
  3 jackals (D:1)
  A ball python (D:1)
  3 frilled lizards (D:1)
  3 goblins (D:1)
  3 kobolds (D:1)
  4 rats
37 creatures vanquished.

Notes
Turn   | Place    | Note
-------+----------+-------------------------------------------
     0 | D:1      | Peloso the Demonspawn Fighter began the quest for the Orb.
     0 | D:1      | Reached XP level 1. HP: 18/18 MP: 1/1
   258 | D:1      | Gained mutation: You are slightly more attuned to the
                  | shadows. [demonic ancestry]
   258 | D:1      | Reached XP level 2. HP: 19/24 MP: 2/2
   804 | D:2      | Gained mutation: You are significantly more attuned to the
                  | shadows. [demonic ancestry]
   804 | D:2      | Reached XP level 3. HP: 29/29 MP: 3/3
   982 | D:2      | Found an ornate altar of the Wu Jian Council.
   982 | D:2      | Found a shattered altar of Ashenzari.
  1475 | D:2      | Found a snail-covered altar of Cheibriados.
  1834 | D:3      | Noticed Terence
  1849 | D:3      | Killed Terence
  1849 | D:3      | Gained mutation: You are partially covered in rugged brown
                  | scales. (AC +1, +3% HP) [demonic ancestry]
  1849 | D:3      | Reached XP level 4. HP: 9/36 MP: 4/4
  1850 | D:3      | HP: 1/36 [orc wizard/puff of frost (8)]
  1851 | D:3      | Killed from afar by an orc wizard

Levels and vault maps discovered:
D:1:      dpeg_arrival_simpleton_a, layout_basic
D:2:      layout_loops_ring, marbit_many_paths, gammafunk_temple_overflow_wave
D:3:      minmay_spotlight, layout_basic, chequers_ecumenical_altar_simple,
          item_on_display_a, uniq_terence

Skill      XL: |  1  2 |
---------------+-------+-----
Long Blades    | 2 |  2.4
Armour         | 3 |  3.4
Shields        | 3 |  3.2
Fighting       | |  3.3
Dodging        | |  0.2
Stealth        | |  0.5

Action                   |  1- 3 |  4- 6 || total
-------------------------+-------+-------++-------
Melee: Long sword        |   141 |     2 ||   143
  Use: Potion            |     1 |       ||     1
 Stab: Sleeping          |     4 |       ||     4
  Eat: Chunk             |     3 |       ||     3
Armor: Scale mail        |    75 |     2 ||    77
Dodge: Dodged            |    36 |       ||    36
Block: Shield            |    87 |     1 ||    88
       Rpst.: Long sword |    10 |       ||    10
